fzc, chaotic male orcish Barbarian ---- ---- |..--- |..-- |.....- ---...| -.....| |...*<-- |......| .. --......-- ---.------ ---..| |.(....).| |...| |...)--|........| ---.-- |D--...|---...--- |...| |@|--..----.[%-------.-- |.| |..(..............| -----....-------- |....... ---.....%..- --...........---. |.-....|........... --.....|---....... --....| |....... --[-- --.--.. --- fzc the Bandit Experience level: 7 Strength: 18 Dexterity: 16 Constitution: 18 Intelligence: 7 Wisdom: 9 Charisma: 6 Health: 0(75) Energy: 15(15) Def: 0 Gold: 428 Moves: 3132 Dungeon seed: khMmKyKynDvB1Kr4 Game ID: fzc_1550662850 Your Inventory: Coins $ - 428 gold pieces Weapons b - an uncursed +0 orcish short sword (alternate weapon; not wielded) Comestibles c - 2 uncursed food rations d - an uncursed tin of newt meat f - an uncursed tripe ration Scrolls g - an uncursed scroll of charging u - an uncursed scroll of fire Spells and supernatural/magical abilities: Name Level Category Fail Memory W - pray for help -- divine ? -- Your skills at the end: Miscellaneous Skills bare handed combat [Basic] stealth [Basic] Weapon Skills axe [Skilled] short sword [Basic] Spellcasting Skills Final Attributes: You were piously aligned. You were poison resistant. You had infravision. You were very stealthy. You were fast. You are dead. Vanquished creatures: a gnome king a dog a housecat a plains centaur a human zombie 2 ponies 6 gnome lords a black naga hatchling a gray ooze 10 dwarves a kobold lord 2 iguanas a hill orc a rabid rat 2 dwarf zombies 5 killer bees a coyote a gas spore a hobbit an acid blob 3 geckos 4 giant rats a green mold a red mold 18 gnomes 7 manes 7 jackals 2 kobolds 4 newts 2 sewer rats 3 grid bugs a lichen 94 creatures vanquished. Voluntary challenges: You did not adorn yourself with jewelry or accessories. You did not cause conflict. You were not invisible. You did not have reflection. You were not displaced. You had been an atheist until turn 2942. You used a wielded weapon 120 times, starting on turn 217. You did not use tools. You did not use plumbed fixtures. You did not drink any magical draughts. You were illiterate. You never genocided any monsters. You never polymorphed an object. You changed form 2 times, starting on turn 3056. You used no wishes. You never split a pudding. You never wrote Elbereth's name. You never violated your personal moral code. Dungeon overview: The Dungeons of Doom: levels 1 to 4 Level 1 a long staircase Level 2 a fountain Level 3 some fountains Level 4 an armor shop, a fountain stairs to The Gnomish Mines The Gnomish Mines: levels 5 to 8 Level 5 stairs to The Dungeons of Doom Level 6 Level 7 some shops, a temple to Crom, some fountains Level 8 <- You were here History has recorded: On T:1 you entered the Dungeons of Doom to retrieve the Amulet of Yendor! On T:276 you reached level 2 of The Dungeons of Doom. On T:418 you reached level 3 of The Dungeons of Doom. On T:759 you advanced to experience level 2. On T:950 you reached level 4 of The Dungeons of Doom. On T:972 you advanced to experience level 3. On T:1360 you reached level 1 of The Gnomish Mines. On T:1436 you advanced to experience level 4. On T:1596 you advanced to experience level 5. On T:2195 you reached level 2 of The Gnomish Mines. On T:2197 you advanced to experience level 6. On T:2733 you reached level 3 of The Gnomish Mines. On T:2937 you entered the Minetown temple On T:2939 you advanced to experience level 7. On T:3011 you reached level 4 of The Gnomish Mines. Score breakdown: Gold: 428 ( 42 points) Experience: 7 levels ( 600 points) Exploration: 8 levels ( 210 points) Discoveries: 2 items ( 100 points) Variety of kills: 32 monsters ( 1600 points) Major goal: reached Minetown ( 500 points) Survival: died (score multiplied by 3) Total score: 9156 Latest messages: The iguana bites! You claw the iguana. You bite the iguana. You kill the iguana! You see here a leash. Please move the cursor to an unknown object. Never mind. The red dragon bites! You return to orcish form! The red dragon claws you! (2x) You miss the red dragon. The red dragon bites! The red dragon claws you! (2x) You punch the red dragon! The red dragon bites! The red dragon claws you! (2x) You punch the red dragon! You punch the red dragon. You miss the red dragon. (2x) The red dragon bites! The red dragon claws you! (2x) You punch the red dragon! The red dragon bites! The red dragon claws you! (2x) You die... Final status: Goodbye fzc the Barbarian, killed by a red dragon... You died in The Gnomish Mines on dungeon level 8 with 9156 points, and 428 pieces of gold, after 3132 moves. You were level 7 with a maximum of 75 hit points when you died.